 Dungeon Crawl Stone Soup version 0.31-a0-198-g2ad674f65e (webtiles) character file.

Game seed: 17647860012967337453

66 qw the Shooter (level 3, 0/20 HPs)
             Began as a Deep Elf Hunter on June 25, 2023.
             Slain by an orc wizard
             ... wielding a +1 dagger of holy wrath
              (3 damage)
             ... on level 2 of the Dungeon.
             The game lasted 00:00:42 (1540 turns).

qw the Shooter (Deep Elf Hunter)                    Turns: 1540, Time: 00:00:42

Health: 0/20       AC:  6    Str: 10    XL:     3   Next: 96%
Magic:  5/5        EV: 11    Int: 13    God:
Gold:   148        SH:  0    Dex: 18    Spells: 2/2 levels left

rFire   . . .        Y - +0 shortbow
rCold   . . .        (shield currently unavailable)
rNeg    . . .        g - +1 ring mail {rPois}
rPois   +            (no helmet)
rElec   .            (no cloak)
rCorr   .            (no gloves)
SInv    +            (no boots)
Will    .....        f - amulet of faith
Stlth   +            h - ring of see invisible
HPRegen 0.23/turn    (no ring)
MPRegen 0.09/turn

%: faith
@: no status effects
A: no striking features
a: no special abilities


You were on level 2 of the Dungeon.
You visited 1 branch of the dungeon, and saw 3 of its levels.

You collected 148 gold pieces.


   Skills:
 - Level 1.5 Fighting
 + Level 7.4 Ranged Weapons
 - Level 2.4 Dodging
 - Level 1.2 Stealth


You had 2 spell levels left.
You didn't know any spells.
Your spell library was empty.

Inventory:

Hand Weapons
 Y - a +0 shortbow (weapon)
Armour
 g - a +1 ring mail of poison resistance (worn)
 i - a +1 ring mail of willpower
Jewellery
 f - an amulet of faith (around neck)
 h - a ring of see invisible (left hand)
Potions
 b - a potion of curing {unknown}
 c - a potion of experience {unknown}
 e - a potion of brilliance {unknown}

Dungeon Overview and Level Annotations

Branches:
Dungeon (3/15)

Altars:


Message History

The orc barely misses you. The orc wizard closely misses you.
You climb upwards.
There is a stone staircase leading down here.
Enter note:
Enter note:
Enter note:
Enter note:
Enter note:
Enter note:
Enter note:
Enter note:
Enter note:
Enter note:
Enter note:
Enter note: The orc wizard casts a spell at you.
The magic dart hits you! The orc barely misses you.
The orc wizard hits you with a +1 dagger of holy wrath.
The orc hits you with a +0 whip.
The orc wizard hits you with a +1 dagger of holy wrath.
The orc hits you but does no damage.
The orc wizard gestures wildly while chanting.
The orc wizard flickers and vanishes for a moment.
The orc barely misses you.
You feel less confused.
The orc wizard hits you but does no damage.
The orc barely misses you.
You shoot an arrow.
The arrow closely misses the orc wizard.
The orc wizard hits you with a +1 dagger of holy wrath.
The orc hits you with a +0 whip.
You shoot an arrow. The arrow hits the orc wizard.
The orc wizard is lightly wounded.
The orc wizard hits you but does no damage.
The orc hits you with a +0 whip.
You shoot an arrow.
The arrow hits the orc wizard but does no damage.
The orc wizard is lightly wounded.
The orc wizard hits you with a +1 dagger of holy wrath.
You die...

############### ##.#
############### ##.##
#######.......# #.##
#######.#####.# ##..##
#######.#####.# ##....#
######.....##.###......
######..##.............
######.o#####.#####.#..
######@.......# #.###
######.o......# #.#
######.....#.## ##'##
##.##.#.# ##...##
#.##.#.# ##.....#
#.#..#.###.......
#......##........
#.......+........
##...####........


You could see an orc wizard (invisible) and an orc.

Vanquished Creatures
  An adder (D:2)
  2 dart slugs
  4 ball pythons (D:1)
  7 bats
  4 endoplasms
  4 giant cockroaches
  5 goblins
  3 hobgoblins (D:1)
  4 jackals (D:2)
  2 quokkas
  2 frilled lizards (D:1)
  5 kobolds
  3 rats
46 creatures vanquished.

Notes
Turn   | Place    | Note
-------+----------+-------------------------------------------
     0 | D:1      | qw the Deep Elf Hunter began the quest for the Orb.
     0 | D:1      | Reached XP level 1. HP: 12/12 MP: 3/3
     0 | D:1      | 0 ||| qw: Version: 0.3-a-22-g0ed2b0b
     0 | D:1      | 0 ||| qw: Game counter: 5309
     0 | D:1      | 0 ||| qw: Melee chars always use a shield: true
     0 | D:1      | 0 ||| qw: God list: Okawaru
     0 | D:1      | 0 ||| qw: Allow faded altars: false
     0 | D:1      | 0 ||| qw: Do Orc after clearing Dungeon:15 true
     0 | D:1      | 0 ||| qw: Do second Lair branch before Depths: true
     0 | D:1      | 0 ||| qw: Lair rune preference: random
     0 | D:1      | 0 ||| qw: Goals: Normal
     0 | D:1      | 0 ||| PLANNING D:1-11
    70 | D:1      | Reached XP level 2. HP: 16/16 MP: 4/4
    80 | D:1      | Reached skill level 6 in Ranged Weapons
    84 | D:1      | 84 ||| FLEEEEING.
   162 | D:1      | Found a faded altar of an unknown god.
   168 | D:1      | 168 ||| FLEEEEING.
   169 | D:1      | 169 ||| FLEEEEING.
   456 | D:1      | Reached XP level 3. HP: 20/20 MP: 5/5
   663 | D:1      | 663 ||| UPGRADING to +0 ring mail.
   673 | D:1      | 673 ||| DROPPING +0 leather armour.
   674 | D:1      | 674 ||| UPGRADING to +1 ring mail of poison resistance.
   684 | D:1      | 684 ||| DROPPING +0 ring mail.
   685 | D:1      | 685 ||| UPGRADING to amulet of faith.
   690 | D:1      | 690 ||| READING scroll labelled XOR NABBOUS.
   691 | D:1      | 691 ||| READING scroll labelled FEEDGHIL JICU.
   695 | D:1      | 695 ||| DROPPING scroll of butterflies.
   810 | D:2      | Reached skill level 7 in Ranged Weapons
  1519 | D:2      | 1519 ||| UPGRADING to ring of see invisible.
  1520 | D:2      | 1520 ||| READING scroll labelled KUIWNE HEUGY.
  1521 | D:2      | 1521 ||| READING scroll labelled OSACKA MIFONG.
  1529 | D:3      | Noticed a gnoll sergeant
  1531 | D:3      | 1531 ||| STAIRDANCE
  1538 | D:2      | HP: 5/20 [orc/+0 whip (4)]
  1540 | D:2      | Slain by an orc wizard

Levels and vault maps discovered:
D:1:      zaba_arrival_water, layout_basic, basic_ecumenical_altar
D:2:      layout_loops_corners, minmay_crystal_room
D:3:      layout_basic, uniq_natasha

Skill      XL: |  1  2  3 |
---------------+----------+-----
Ranged Weapons | 6 7 |  7.4
Fighting       | |  1.5
Dodging        | |  2.4
Stealth        | |  1.2

Action                     || total
---------------------------++-------
   Fire: Shortbow          ||   151
    Use: Scroll            ||     4
 Armour: Leather armour    ||    13
         Ring mail         ||    10
  Dodge: Dodged            ||    36

Table legend:
 A = Non-vault XP
 B = Vault XP
 C = Vault XP percentage of total XP
 D = Non-vault monster count
 E = Vault monster count
 F = Vault count percentage of total count
                 A         B        C        D         E       F
            +---------+---------+-------+---------+---------+-------
      Total |      95 |       0 |   0.0 |      46 |       0 |   0.0
            +---------+---------+-------+---------+---------+-------
        D:1 |      52 |       0 |   0.0 |      29 |       0 |   0.0
        D:2 |      41 |       0 |   0.0 |      16 |       0 |   0.0
        D:3 |       2 |       0 |   0.0 |       1 |       0 |   0.0
            +---------+---------+-------+---------+---------+-------
